 Dungeon Crawl Stone Soup version 0.30.1-11-g7821555f0a (webtiles) character file.

Game seed: 121860771734029326

3054543 Linnx the Intangible (level 27, 199/199 HPs)
             Began as a Tengu Fighter on Jan 8, 2024.
             Was the Champion of Ru.
             Escaped with the Orb
             ... and 5 runes on Jan 15, 2024!
             The game lasted 07:28:39 (73361 turns).

Linnx the Intangible (Tengu Fighter)               Turns: 73361, Time: 07:28:40

Health: 199/199    AC: 43    Str: 38      XL:     27
Magic:  41/41      EV: 25    Int: 11 (12) God:    Ru [******]
Gold:   3698       SH: 22    Dex: 19      Spells: 23/36 levels left

rFire   + + +        U - +11 broad axe "Ziatissa" {vamp, Contam rN+ rCorr Str+2}
rCold   . . .        c - +5 kite shield {reflect}
rNeg    + + +        W - +10 plate armour {Will+}
rPois   +            J - +3 hat of Pondering {ponderous, Will+ MP+10 Int+5}
rElec   +            G - +2 cloak {rPois}
rCorr   +            F - +0 pair of gloves of Befil {rElec rN++ rCorr}
SInv    +            (boots unavailable)
Will    +++..        Z - amulet "Wucoguph" {Reflect Fly rF+++ Will- SH+5 SInv} Stlth
                     I - ring "Cifom" {AC+4 Str+5}
HPRegen 0.53/turn    Q - ring "Gabb" {rC+ Str+6 SInv}
MPRegen 0.27/turn

%: reflection
@: flying quickly and evasively, studying 2 skills
A: beak, talons 3, dopey 1, inability to read after injury 2, no stealth,
inability to use devices, no fire magic, no translocations magic, no
transmutations magic, reduced EV 1, nimble flight, fire resistance 1, cold
vulnerability 1, subdued magic 1
0: Orb of Zot
}: 5/15 runes: decaying, serpentine, slimy, silver, abyssal
a: Renounce Religion, Draw Out Power, Power Leap, Apocalypse


You escaped.
You worshipped Ru.
Ru was exalted by your worship.
You visited 11 branches of the dungeon, and saw 53 of its levels.
You visited the Abyss 1 time.
You visited 1 bazaar.
You also visited: Ossuary, Ice Cave and Wizlab.

You collected 9319 gold pieces.
You spent 5621 gold pieces at shops.

Inventory:

Hand Weapons
 K - the +7 war axe of Instant Death {flame, rPois MP+9 Str+2 Int-4}
   (You found it on level 14 of the Dungeon)

   Str:       It affects your strength (+2).
   Int:       It affects your intelligence (-4).
   rPois:     It protects you from poison.
   MP:        It affects your magic capacity (+9).
 U - the +11 broad axe "Ziatissa" (weapon) {vamp, Contam rN+ rCorr Str+2}
   (You took it off a deep elf sorcerer on level 3 of the Elven Halls)

   Str:       It affects your strength (+2).
   rN:        It protects you from negative energy.
   Contam:    It causes magical contamination when unequipped.
   rCorr:     It protects you from acid and corrosion.
Missiles
 d - 22 boomerangs (quivered)
 g - 8 silver javelins
 w - 2 silver boomerangs
 B - 16 curare-tipped darts
 Y - 8 throwing nets
Armour
 a - a scarf of resistance
 c - a +5 kite shield of reflection (worn)
 j - the +0 ice dragon scales of Serendipity {rPois rF- rC++ Regen+ Str+6}
   (You found it on level 3 of the Elven Halls)

   Str:       It affects your strength (+6).
   rF:        It makes you vulnerable to fire.
   rC:        It greatly protects you from cold.
   rPois:     It protects you from poison.
   Regen:     It increases your rate of health regeneration.
 F - the +0 pair of gloves of Befil (worn) {rElec rN++ rCorr}
   (You found it on level 5 of the Pits of Slime)

   rElec:     It insulates you from electricity.
   rN:        It greatly protects you from negative energy.
   rCorr:     It protects you from acid and corrosion.
 G - a +2 cloak of poison resistance (worn)
 J - the +3 hat of Pondering (worn) {ponderous, Will+ MP+10 Int+5}
   (You acquired it in a bazaar)

   Int:       It affects your intelligence (+5).
   MP:        It affects your magic capacity (+10).
   Will:      It increases your willpower.
 S - a +2 crystal plate armour of cold resistance
 T - a +2 cloak of preservation
 W - a +10 plate armour of willpower (worn)
Jewellery
 v - a +5 ring of evasion
 C - an amulet of regeneration
 I - the ring "Cifom" (left hand) {AC+4 Str+5}
   (You found it on level 14 of the Dungeon)

   [ring of protection]

   AC:        It affects your AC (+4).
   Str:       It affects your strength (+5).
 M - a ring of poison resistance
 O - a +4 ring of slaying
 Q - the ring "Gabb" (right hand) {rC+ Str+6 SInv}
   (You found it on level 2 of the Realm of Zot)

   [ring of strength]

   Str:       It affects your strength (+6).
   rC:        It protects you from cold.
   SInv:      It lets you see invisible.
 Z - the amulet "Wucoguph" (around neck) {Reflect Fly rF+++ Will- SH+5 SInv}
   (You bought it in a shop on level 2 of the Orcish Mines)

   [amulet of reflection]

   It reflects blocked missile attacks.
   rF:        It renders you almost immune to fire.
   SInv:      It lets you see invisible.
   Fly:       It grants you flight.
   SH:        It affects your SH (+5).
   Will:      It decreases your willpower.
Scrolls
 b - 11 scrolls of magic mapping
 k - 13 scrolls of poison
 m - 9 scrolls of fog
 p - 4 scrolls of summoning
 s - 15 scrolls of noise
 t - 27 scrolls of teleportation
 u - 11 scrolls of vulnerability
 x - 6 scrolls of immolation
 y - 7 scrolls of amnesia
 A - 8 scrolls of blinking
 D - 5 scrolls of silence
 L - 17 scrolls of fear
 P - 7 scrolls of enchant weapon
 X - 2 scrolls of torment
Potions
 e - 5 potions of invisibility
 f - a potion of brilliance
 h - 5 potions of berserk rage
 i - 20 potions of curing
 l - 9 potions of magic
 n - 4 potions of resistance
 o - 9 potions of lignification
 q - 8 potions of might
 r - 6 potions of ambrosia
 z - 7 potions of haste
 E - 3 potions of cancellation
 H - 10 potions of attraction
 V - 5 potions of heal wounds


   Skills:
 O Level 27 Fighting
 - Level 18.0 Axes
 - Level 16.0 Throwing
 + Level 22.4 Armour
 O Level 27 Dodging
 + Level 9.3 Shields
 - Level 5.0 Spellcasting
 - Level 18.0 Conjurations
 - Level 14.0 Air Magic


You had 23 spell levels left.
You knew the following spells:

 Your Spells              Type           Power      Damage    Failure   Level
a - Arcjolt               Conj/Air       14%        1d24      2%          5
b - Iskenderun's Battles  Conj           32%        2d8       1%          5
c - Swiftness             Air            25%        N/A       1%          3

Your spell library contained the following spells:

 Spells                   Type           Power      Damage    Failure   Level
 Kiss of Death            Conj/Necr      68%        2d10      1%          1
 Magic Dart               Conj           100%       1d8       1%          1
 Shock                    Conj/Air       100%       1d9       1%          1
 Static Discharge         Conj/Air       58%        2-5/arc   1%          2
 Mephitic Cloud           Conj/Pois/Air  20%        N/A       2%          3
 Dazzling Flash           Conj/Hex       34%        N/A       4%          3
 Stone Arrow              Conj/Erth      34%        3d9       4%          3
 Poisonous Vapours        Pois/Air       26%        N/A       6%          2
 Conjure Ball Lightning   Conj/Air       14%        3x3d6     16%         6
 Cigotuvi's Dreadful Rot  Necr/Pois/Air  20%        N/A       17%         2
 Fulminant Prism          Conj/Hex       8%         3d7       19%         4
 Freezing Cloud           Conj/Ice/Air   10%        6-21      26%         5
 Orb of Destruction       Conj           16%        9d7       36%         7
 Summon Small Mammal      Summ           8%         N/A       61%         1
 Call Imp                 Summ           4%         N/A       75%         2
 Ensorcelled Hibernation  Hex/Ice        4%         N/A       75%         2
 Sublimation of Blood     Necr           2%         N/A       75%         2
 Silence                  Hex/Air        6%         N/A       77%         5
 Call Canine Familiar     Summ           2%         N/A       93%         3
 Confusing Touch          Hex            2%         N/A       93%         3
 Ozocubu's Armour         Ice            2%         N/A       93%         3
 Summon Guardian Golem    Hex/Summ       2%         N/A       93%         3
 Tukima's Dance           Hex            2%         N/A       93%         3
 Iron Shot                Conj/Erth      8%         9d3       96%         6
 Anguish                  Hex/Necr       1%         N/A       100%        4
 Animate Armour           Summ/Erth      4%         N/A       100%        4
 Animate Dead             Necr           2%         N/A       100%        4
 Cause Fear               Hex            1%         N/A       100%        4
 Dispel Undead            Necr           2%         3d7       100%        4
 Leda's Liquefaction      Hex/Erth       1%         N/A       100%        4
 Summon Ice Beast         Ice/Summ       2%         N/A       100%        4
 Agony                    Necr           2%         N/A       100%        5
 Borgnjor's Vile Clutch   Necr/Erth      1%         N/A       100%        5
 Lee's Rapid Deconstruct  Erth           1%         3d4*      100%        5
 Metabolic Englaciation   Hex/Ice        1%         N/A       100%        5
 Summon Mana Viper        Hex/Summ       2%         N/A       100%        5
 Death Channel            Necr           1%         N/A       100%        6
 Simulacrum               Ice/Necr       1%         N/A       100%        6
 Enfeeble                 Hex            1%         N/A       100%        7
 Monstrous Menagerie      Summ           1%         N/A       100%        7
 Ozocubu's Refrigeration  Ice            1%         4d7       100%        7
 Spellforged Servitor     Conj/Summ      8%         N/A       100%        7
 Summon Hydra             Summ           1%         N/A       100%        7
 Borgnjor's Revivificati  Necr           1%         N/A       100%        8
 Lehudib's Crystal Spear  Conj/Erth      8%         10d4      100%        8
 Maxwell's Capacitive Co  Air            12%        ∞         100%        8
 Death's Door             Necr           1%         N/A       100%        9
 Dragon's Call            Summ           1%         N/A       100%        9
 Polar Vortex             Ice            1%         N/A       100%        9
 Vhi's Electric Charge    Tloc/Air       Unusable   N/A       N/A         3
 Flame Wave               Conj/Fire      Unusable   2d7       N/A         4
 Iskenderun's Mystic Bla  Conj/Tloc      Unusable   2d5       N/A         4
 Sticky Flame             Conj/Fire      Unusable   2d4       N/A         4
 Fireball                 Conj/Fire      Unusable   3d6       N/A         5
 Passwall                 Tmut/Erth      Unusable   N/A       N/A         2
 Wereblood                Tmut           Unusable   N/A       N/A         2
 Ignite Poison            Fire/Tmut/Pois Unusable   N/A       N/A         3
 Inner Flame              Hex/Fire       Unusable   N/A       N/A         3
 Portal Projectile        Hex/Tloc       Unusable   N/A       N/A         3
 Volatile Blastmotes      Fire/Tloc      Unusable   2d10      N/A         3
 Petrify                  Tmut/Erth      Unusable   N/A       N/A         4
 Plasma Beam              Fire/Air       Unusable   2x1d18    N/A         6
 Statue Form              Tmut/Erth      Unusable   N/A       N/A         6
 Dragon Form              Tmut           Unusable   N/A       N/A         7
 Necromutation            Tmut/Necr      Unusable   N/A       N/A         8

Dungeon Overview and Level Annotations

Branches:
Dungeon (15/15)            Temple (1/1) D:4            Lair (5/5) D:9
  Swamp (4/4) Lair:2        Snake (4/4) Lair:3        Slime (5/5) Lair:4
    Orc (2/2) D:11            Elf (3/3) Orc:2        Vaults (5/5) D:14
  Crypt (0/3) Vaults:3     Depths (4/4) D:15            Zot (5/5) Depths:4
Ossuary (visited)           IceCv (visited)          WizLab (visited)

Altars:
Ashenzari
Cheibriados
Dithmenos
Elyvilon
Fedhas
Gozag
Hepliaklqana
Kikubaaqudgha
Makhleb
Nemelex Xobeh
Okawaru
Qazlal
Ru
Sif Muna
Trog
Uskayaw
Vehumet
Wu Jian
Xom
Yredelemnul
Zin
The Shining One
Jiyva
Lugonu

Shops:
D:5 [   D:11 [   Orc:1 *   Orc:2 ([=*[   Elf:1 *   Elf:2 [   Snake:1 *:==
Vaults:1 *   Depths:2 ![   Depths:4 [*[[=*

Portals:
Hell: Depths:1 Depths:2 Depths:3 Depths:4
Abyss: Lair:5 Depths:1 Depths:3
Pandemonium: Depths:2 Depths:3
Ziggurat: Depths:1
Trove: Depths:3 (give 13 potions of heal wounds)

Annotations:
Snake:1 3 runed translucent doors, exclusion: obsidian statue, middlethird's ghost, journeyman VSTm
Zot:5 4 transporters


Innate Abilities, Weirdness & Mutations

You have a beak for a mouth.
You have claws for feet.
You are dopey. (Int -2)
You sometimes lose the ability to read scrolls when taking damage.
You cannot be stealthy.
You cannot study or use magical devices.
You cannot study or cast Fire magic.
You cannot study or cast Translocations magic.
You cannot study or cast Transmutations magic.
You have somewhat slow reflexes. (EV -5)
Your magical nature lets you fly swiftly and evasively.
Your flesh is heat resistant. (rF+)
You are vulnerable to cold. (rC-)
Your spells are a little easier to cast, but a little less powerful.


Message History

As you read the scroll of blinking, it crumbles to dust.
The balrug gestures at you. Something smites you!
You block the sun demon's attack.
You fly upwards.
There is a stone staircase leading down here.
You barely miss the sun demon. Your kick misses the sun demon.
The sun demon misses you.
You completely miss the sun demon. Your kick misses the sun demon.
Your peck misses the sun demon. The sun demon misses you.
You hit the sun demon. Your kick misses the sun demon.
You peck the sun demon, but do no damage.
The sun demon is lightly wounded.
The sun demon completely misses you.
You slash the sun demon! You claw the sun demon!
The sun demon is heavily wounded.
You block the sun demon's attack.
You carve the sun demon like a ham!!!
You kill the sun demon!
You feel your strength returning.
No target in view!
HP restored.
There is a stone staircase leading up here.
You fly upwards.
There is a stone staircase leading down here.
There is a stone staircase leading up here.
You fly upwards.
There is a stone staircase leading down here.
You see here a +0 dagger.
There is an open door here.
A cherub comes into view. It is wielding a +2 flail of flaming.
You see here a +0 club.
The cherub unwields a +2 flail of flaming.
It stops flaming.
The cherub wields a +0 longbow.
The cherub shoots an arrow.
The arrow closely misses you.
There is an open door here.
There is an open door here.
There is a staircase leading out of the dungeon here.
Char dumped successfully.
You have escaped!

##.# #....#
#.... #A.#
#....#
#....
#####'#####
######
#....
#..#...#..#
#....
#..'...'..#
#....
#PP#...#..#
#....
####...####
#....
#..#...#..#
#....
#..'...'.@#
#####
#..#...#P.#
####.#.####
#..#.#.#..#
#..'...'..#
#..#...#..#
####...####
#..#...#P.#
#..'...'.P#


There were no monsters in sight!

Vanquished Creatures
  the Royal Jelly (Slime:5)
  A dread lich (Vaults:5)
  11 orbs of fire (Zot:5)
  4 ancient liches
  Frederick (Depths:4)
  Vashnia (Snake:4)
  11 Killer Klowns
  Saint Roka (Snake:3)
  A Head Instructor (WizLab)
  4 curse toes
  4 caustic shrikes (Depths:4)
  11 golden dragons
  Nikola (Snake:1)
  Jory (Vaults:2)
  A Brimstone Fiend (D:15)
  3 electric golems
  2 liches
  16 tentacled monstrosities
  A walking earthen tome (Depths:2)
  Mlioglotl (Swamp:1)
  3 deep elf blademasters
  24 Orb Guardians (Zot:5)
  9 quicksilver dragons
  4 titans
  2 deep elf master archers (Elf:3)
  A walking frostbound tome (Depths:2)
  31 acid blobs
  A sphinx (shapeshifter) (Vaults:4)
  3 sphinxes
  10 azure jellies
  13 death cobs
  A thorn hunter (Swamp:3)
  9 tengu reavers
  15 storm dragons
  Kirke (Swamp:1)
  Agnes (Snake:1)
  9 shadow dragons
  Roxanne (D:15)
  8 frost giants
  The ghost of occam the Severer, a journeyman MiFi of the Shining One (D:15)
  10 rockslimes
  7 nagarajas
  7 draconian monks
  A revenant (Vaults:3)
  5 deep elf sorcerers
  6 fire giants
  10 draconian knights
  2 iron dragons (Depths:3)
  An angel (Zot:4)
  13 vault wardens
  Aizul (Elf:1)
  A ghost moth (Depths:4)
  2 balrugs
  11 draconian scorchers
  3 draconian stormcallers
  7 deep elf elementalists (Elf:3)
  Louise (Depths:1)
  5 spriggan defenders
  5 orc warlords
  6 draconian shifters
  5 war gargoyles
  5 quicksilver oozes
  11 draconian annihilators
  22 ironbound preservers
  5 vampire knights
  20 stone giants
  13 green draconians
  28 very ugly things
  5 ironbound thunderhulks
  17 black draconians
  11 purple draconians
  2 deep elf demonologists (Elf:3)
  4 eleionomae
  3 bunyips
  Azrael (Snake:1)
  A lorocyproca (Abyss:3)
  7 dire elephants
  19 red draconians
  12 white draconians
  7 deep elf annihilators
  22 yellow draconians
  Snorg (Orc:2)
  2 crystal guardians
  A green death (Depths:2)
  A merfolk impaler (Depths:4)
  3 spark wasps (Depths:3)
  6 deep elf death magi
  14 ettins
  A merfolk javelineer (Depths:4)
  2 shambling mangroves
  4 entropy weavers
  12 fire dragons
  6 deep elf high priests
  13 ice dragons
  The ghost of Didimus the Thaumaturge, a journeyman DjHW of Ashenzari (Orc:1)
  9 great orbs of eyes
  17 yaktaur captains
  2 rakshasas
  35 vault guards
  5 peacekeepers
  A ghost crab (Swamp:3)
  A salamander tyrant (Snake:3)
  8 hydras
  7 centaur warriors
  2 catoblepae
  6 spriggan air magi
  8 ironbound frosthearts
  3 ogre magi
  6 boulder beetles
  29 dancing weapons
  14 alligators
  Erica (D:8)
  16 anacondas
  6 deep troll shamans
  An anaconda (shapeshifter) (Vaults:5)
  10 deep troll earth magi
  A vampire mage (WizLab)
  5 death yaks
  12 two-headed ogres
  An orc high priest (Orc:2)
  14 naga warriors
  A satyr (shapeshifter) (Vaults:4)
  7 shock serpents
  16 naga sharpshooters
  6 spriggan berserkers
  3 tengu warriors
  A shock serpent (shapeshifter) (Vaults:4)
  3 sun demons
  11 spriggans
  16 deep elf knights
  10 hell knights
  3 thrashing horrors
  2 soul eaters (Depths:2)
  9 iron trolls
  A shadow wraith (Abyss:3)
  2 sixfirhies
  2 skysharks
  3 flayed ghosts
  2 salamander mystics
  6 spriggan druids
  A goliath frog (Swamp:3)
  7 naga ritualists
  Pikel (D:5)
  5 swamp dragons
  4 glowing orange brains
  5 bog bodies
  An obsidian statue (Zot:5)
  A glowing orange brain (shapeshifter) (D:15)
  68 deep trolls
  25 ironbound convokers
  11 wizards
  9 phantasmal warriors
  13 orc knights
  4 harpies
  8 lindwurms
  34 deep elf pyromancers
  8 necromancers
  3 large abominations (Lair:5)
  21 deep elf zephyrmancers
  14 deep elf archers
  14 mana vipers
  8 shining eyes
  3 orc sorcerers (Orc:2)
  66 ugly things
  3 oklob plants (Zot:3)
  A wolf spider (D:15)
  8 salamanders
  A wolf spider (shapeshifter) (Vaults:5)
  4 manticores
  5 cyclopes
  5 will-o-the-wisps
  An ice statue (IceCv)
  Maurice (D:12)
  9 guardian serpents
  2 rust devils (Depths:3)
  42 black mambas
  9 elephants
  21 moths of wrath
  12 naga magi
  14 vault sentinels
  3 smoke demons
  A torpor snail (Lair:4)
  An apocalypse crab (Abyss:3)
  2 guardian serpents (shapeshifter)
  5 eyes of devastation
  A gargoyle (D:10)
  An orange demon (Depths:3)
  6 cane toads
  3 kobold demonologists (D:10)
  4 rime drakes
  Maggie (D:6)
  9 komodo dragons
  An efreet (D:15)
  5 tengu conjurers
  24 yaktaurs
  An ice devil (Depths:3)
  5 trolls
  4 ancient zymes
  4 freezing wraiths (Swamp:4)
  A silent spectre (Abyss:3)
  15 hornets
  A wind drake (shapeshifter) (Elf:1)
  A raiju (shapeshifter) (Elf:3)
  Prince Ribbit (D:7)
  2 bloated husks
  10 polar bears (IceCv)
  8 tyrant leeches
  A hellwing (Depths:3)
  7 dream sheep
  A dream sheep (shapeshifter) (Depths:2)
  19 blink frogs
  2 human simulacra (Vaults:2)
  3 air elementals
  129 slime creatures
  A culicivora (Vaults:1)
  An ettin skeleton (Abyss:3)
  4 shadows
  Eustachio (D:6)
  A fire bat (Abyss:3)
  2 ynoxinuls
  5 fire elementals
  2 vampires
  4 wraiths
  A hog (shapeshifter) (D:14)
  12 water elementals
  Grum (D:8)
  12 small abominations
  4 wyverns
  6 chaos spawn
  40 yaks
  14 golden eyes
  12 basilisks
  A fire bat (shapeshifter) (Vaults:3)
  6 hogs
  10 vampire mosquitoes
  2 steam dragons
  3 swamp worm simulacra (Swamp:4)
  2 redbacks (Vaults:1)
  36 nagas
  A swamp worm (shapeshifter) (Vaults:5)
  15 swamp worms
  4 wargs
  14 hydra simulacra (Swamp:4)
  5 acid dragons
  2 spectral trolls (Orc:1)
  9 hell hounds
  11 water moccasins
  3 floating eyes
  21 orc warriors
  3 black bears
  2 swamp drakes
  5 sky beasts
  6 ice beasts
  4 boggarts (Vaults:2)
  29 wolves
  14 ogres
  10 centaurs
  An orc simulacrum (Orc:1)
  2 phantoms (D:5)
  8 bullfrogs
  Blork the orc (Orc:2)
  4 kobold brigands
  3 elf zombies (Ossuary)
  2 earth elementals (Elf:2)
  A gnoll sergeant (D:10)
  10 scorpions
  12 wights
  A troll zombie (D:11)
  A ballistomycete (D:5)
  3 howler monkeys
  6 electric eels
  5 centaur zombies (Ossuary)
  5 hounds
  22 jellies
  5 human zombies
  16 orc priests
  4 starcursed masses (Abyss:3)
  A sleepcap (D:7)
  A gnoll bouda (Orc:2)
  5 iguanas
  15 orc wizards
  2 spectral orcs (Orc:1)
  5 hell rats (Lair:5)
  2 troll simulacra (Orc:1)
  5 ogre zombies (D:11)
  3 mummies (Ossuary)
  16 gnolls
  10 adders
  3 shadow imps
  3 white imps
  3 ufetubi
  5 swamp drake simulacra (Swamp:4)
  A worm (D:4)
  2 dart slugs
  60 orcs
  6 bats
  5 endoplasms
  A giant cockroach (D:3)
  7 hobgoblins
  9 jackals
  A quokka (shapeshifter) (Vaults:3)
  2 quokkas
  6 ball pythons
  8 frilled lizards
  3 goblins
  2 goblin skeletons (D:11)
  A goblin zombie (D:11)
  A hobgoblin skeleton (D:11)
  A hobgoblin zombie (D:11)
  5 kobolds
  4 orc skeletons (D:11)
  9 orc zombies (D:11)
  6 rats
2365 creatures vanquished.

Vanquished Creatures (collateral kills)
  A titan (Vaults:5)
  A fire giant (Vaults:5)
  A frost giant (Vaults:5)
  A vault warden (Vaults:5)
  A very ugly thing (Vaults:5)
5 creatures vanquished.

Vanquished Creatures (others)
  A caustic shrike (Depths:2)
  A golden dragon (Zot:5)
  2 tentacled monstrosities
  A quicksilver dragon (Zot:5)
  An Orb Guardian (Zot:5)
  A shadow dragon (Zot:1)
  A storm dragon (Zot:5)
  A thorn hunter (Swamp:1)
  Donald (Elf:2)
  4 rockslimes
  An angel (Zot:3)
  A draconian stormcaller (Zot:1)
  A war gargoyle (Vaults:5)
  An ironbound preserver (Vaults:4)
  A quicksilver ooze (Slime:4)
  A red draconian (Zot:1)
  A deep elf annihilator (Elf:3)
  A purple draconian (Zot:1)
  An ettin (Vaults:4)
  A boulder beetle (D:13)
  2 death yaks (IceCv)
  A hell knight (Depths:3)
  A soul eater (Depths:3)
  A dancing weapon (Elf:2)
  2 deep elf knights (Elf:2)
  2 iron trolls (Depths:1)
  2 deep trolls
  A phantasmal warrior (Vaults:5)
  A mana viper (Snake:1)
  2 orc knights
  2 deep elf zephyrmancers (Elf:1)
  A deep elf pyromancer (Elf:3)
  An elephant (Lair:2)
  2 salamanders (Snake:3)
  A naga mage (Snake:3)
  A moth of wrath (Zot:3)
  4 yaktaurs
  2 bloated husks
  A hornet (Swamp:3)
  4 slime creatures
  A water elemental (Depths:2)
  A yak (Lair:4)
  2 nagas
  A swamp worm (Swamp:4)
  An orc warrior (Orc:2)
  An orc wizard (D:14)
  A gnoll (D:10)
  3 ballistomycete spores (D:5)
  A butterfly (Depths:3)
  25 foxfires
95 creatures vanquished.

Grand Total: 2465 creatures vanquished

Notes
Turn   | Place    | Note
-------+----------+-------------------------------------------
     0 | D:1      | Linnx the Tengu Fighter began the quest for the Orb.
     0 | D:1      | Reached XP level 1. HP: 14/14 MP: 2/2
   212 | D:1      | Reached XP level 2. HP: 16/19 MP: 3/3
   506 | D:1      | Reached XP level 3. HP: 21/23 MP: 4/4
   854 | D:2      | Found a faded altar of an unknown god.
   928 | D:2      | HP: 1/34 [poisoned by an adder]
  1445 | D:2      | Reached XP level 4. HP: 28/29 MP: 5/5
  2098 | D:4      | Reached skill level 1 in Stealth
  2180 | D:4      | Gained mutation: Your magical nature lets you fly swiftly
                  | and evasively. [Tengu growth]
  2180 | D:4      | Reached XP level 5. HP: 33/33 MP: 6/6
  2181 | D:4      | Found a staircase to the Ecumenical Temple.
  2242 | Temple   | Entered the Ecumenical Temple
  2408 | D:4      | Reached skill level 5 in Axes
  2882 | D:4      | Found a broken altar of Ashenzari.
  2886 | D:4      | Saw a vision of the Swamp and the Snake Pit.
  2886 | D:4      | Noticed a mana viper
  2886 | D:4      | Noticed a salamander
  2886 | D:4      | Noticed a naga
  2886 | D:4      | Noticed a naga sharpshooter
  2886 | D:4      | Noticed a bog body
  2886 | D:4      | Noticed a vampire mosquito
  2886 | D:4      | Noticed a spriggan rider
  2886 | D:4      | Noticed a five-headed hydra
  2886 | D:4      | Noticed a bunyip
  2886 | D:4      | Noticed a spriggan rider
  2886 | D:4      | Noticed a five-headed hydra
  2886 | D:4      | Noticed a naga warrior
  2887 | D:4      | Noticed a naga
  2887 | D:4      | Noticed a black mamba
  2888 | D:4      | Noticed a spriggan druid
  3024 | D:5      | Entered Level 5 of the Dungeon
  3030 | D:4      | Reached XP level 6. HP: 17/38 MP: 7/7
  3285 | D:5      | Reached skill level 5 in Fighting
  3302 | D:4      | Reached XP level 7. HP: 23/44 MP: 8/8
  3663 | D:5      | Noticed Pikel
  3678 | D:5      | Killed Pikel
  3679 | D:5      | Reached XP level 8. HP: 21/49 MP: 9/9
  4257 | D:5      | Found Ciogaerch's Antique Armour Emporium.
  4261 | D:5      | Reached skill level 10 in Axes
  4747 | D:6      | Noticed Eustachio
  4749 | D:6      | Reached XP level 9. HP: 57/57 MP: 10/10
  4757 | D:6      | Killed Eustachio
  4758 | D:6      | Identified the +1 rapier "Possohips" {flame, Drain rElec
                  | rN++}
  5211 | D:6      | Found a burning altar of Makhleb.
  5225 | D:6      | Found a sacrificial altar of Ru.
  5243 | D:6      | Became a worshipper of Ru the Awakened
  5380 | D:5      | Bought a pair of embroidered gloves for 255 gold pieces
  5436 | D:6      | Noticed Maggie
  5450 | D:6      | Killed Maggie
  5695 | D:6      | Reached XP level 10. HP: 63/63 MP: 11/11
  5868 | D:6      | Found a snail-covered altar of Cheibriados.
  6278 | D:7      | Noticed Prince Ribbit
  6339 | D:7      | Killed Prince Ribbit
  6897 | D:7      | Gained mutation: You cannot study or use magical devices.
                  | [Ru sacrifice]
  6897 | D:7      | Reached * piety under Ru
  6897 | D:7      | Reached ** piety under Ru
  7004 | D:7      | Found a hazy altar of Hepliaklqana.
  7138 | D:7      | Reached skill level 10 in Fighting
  7702 | D:8      | Noticed a cyclops
  7707 | D:8      | Killed a cyclops
  7732 | D:8      | Noticed Grum
  7958 | D:8      | Killed Grum
  8051 | D:8      | Got the Compendium of Blasted Bewitchment
  8058 | D:8      | Noticed Erica
  8072 | D:8      | Killed Erica
  8073 | D:8      | Reached XP level 11. HP: 38/72 MP: 12/12
  8213 | D:8      | Found a sand-covered staircase.
  8219 | Ossuary  | Entered an ossuary
  8326 | Ossuary  | Reached skill level 15 in Axes
  8715 | D:5      | Bought a kite shield for 153 gold pieces
  8988 | D:8      | Gained mutation: You are strong-willed. (Will+) [potion of
                  | mutation]
  8988 | D:8      | Gained mutation: You are covered in fur. (AC +1) [potion of
                  | mutation]
  8988 | D:8      | Gained mutation: You are partially covered in iridescent
                  | scales. (AC +2) [potion of mutation]
  9118 | D:9      | Noticed a two-headed ogre
  9282 | D:9      | Found a staircase to the Lair.
  9465 | D:9      | Killed a two-headed ogre
  9495 | D:9      | Noticed a two-headed ogre
  9538 | D:9      | Killed a two-headed ogre
  9578 | D:9      | Found a shadowy altar of Dithmenos.
  9578 | D:9      | Found a glowing golden altar of the Shining One.
  9592 | D:9      | Found a white marble altar of Elyvilon.
  9592 | D:9      | Found a shimmering blue altar of Sif Muna.
  9875 | D:10     | Entered Level 10 of the Dungeon
  9890 | D:10     | Gained mutation: You occasionally lose the ability to read
                  | scrolls when taking damage. [Ru sacrifice]
  9890 | D:10     | Gained mutation: You sometimes lose the ability to read
                  | scrolls when taking damage. [Ru sacrifice]
  9890 | D:10     | Reached *** piety under Ru
  9895 | D:10     | Noticed a soul eater
  9926 | D:10     | Reached skill level 5 in Shields
 10158 | D:10     | Identified the +11 glaive "Hellblazer" {venom, rPois Str-5
                  | Dex+3}
 10739 | D:10     | Reached XP level 12. HP: 77/77 MP: 13/13
 10979 | D:11     | Noticed a boulder beetle
 11025 | D:11     | Killed a boulder beetle
 11257 | D:11     | Found a staircase to the Orcish Mines.
 11568 | D:5      | Bought a glowing leather armour for 170 gold pieces
 11824 | D:11     | Found Dubif's Antique Armour Boutique.
 11869 | D:11     | Identified the +5 chain mail "Ulepual" {Int+2 Dex+5}
 12348 | D:11     | Gained mutation: You cannot study or cast Fire magic. [Ru
                  | sacrifice]
 12348 | D:11     | Gained mutation: You cannot study or cast Transmutations
                  | magic. [Ru sacrifice]
 12348 | D:11     | Gained mutation: You cannot study or cast Translocations
                  | magic. [Ru sacrifice]
 12348 | D:11     | Reached **** piety under Ru
 12348 | D:11     | Reached ***** piety under Ru
 12818 | D:12     | Found a shimmering blue altar of Sif Muna.
 13115 | D:12     | Noticed Maurice
 13133 | D:12     | Killed Maurice
 13855 | Lair:1   | Entered Level 1 of the Lair of Beasts
 14141 | Lair:1   | Reached skill level 5 in Armour
 14144 | Lair:1   | Reached skill level 1 in Dodging
 14287 | D:11     | Bought a distressingly furry scale mail for 162 gold pieces
 14287 | D:11     | Identified the +2 scale mail of Parts Unknown {Dex+3} (You
                  | bought it in a shop on level 11 of the Dungeon)
 15126 | Lair:2   | Noticed a six-headed hydra
 15130 | Lair:2   | Killed an eight-headed hydra
 15166 | Lair:2   | Noticed a skyshark
 15196 | Lair:2   | Killed a skyshark
 15311 | Lair:2   | Reached XP level 13. HP: 80/86 MP: 14/14
 15327 | Lair:2   | Reached skill level 5 in Dodging
 15755 | Lair:2   | Found a staircase to the Swamp.
 15757 | Lair:2   | Gained mutation: You are dopey. (Int -2) [Ru sacrifice]
 17069 | Lair:3   | Found a staircase to the Snake Pit.
 17156 | Lair:4   | Found a staircase to the Slime Pits.
 17739 | Lair:4   | Reached skill level 10 in Dodging
 18198 | Lair:4   | Gained mutation: You cannot be stealthy. [Ru sacrifice]
 18728 | Orc:1    | Entered Level 1 of the Orcish Mines
 18728 | Orc:1    | Found Ekycleacw's General Store.
 18737 | Orc:1    | Reached XP level 14. HP: 78/80 MP: 6/15
 19114 | Orc:1    | Found a frozen archway.
 19123 | IceCv    | Entered an ice cave
 19291 | IceCv    | Reached skill level 10 in Armour
 19498 | IceCv    | Noticed a frost giant
 19515 | IceCv    | Killed a frost giant
 19575 | IceCv    | Identified the +6 short sword of the Desolation of Salt
                  | {freeze, rF+ Int-4 Dex+2}
 19575 | IceCv    | Found the +2 cloak of the Thief {*Fog Slay-2 SInv Stlth+}
 19902 | Orc:1    | Found a runed translucent gate.
 19902 | Orc:1    | Found a runed translucent gate.
 19903 | Orc:1    | Found a runed translucent gate.
 19908 | Orc:1    | Noticed Didimus's ghost (journeyman DjHW)
 19952 | Orc:1    | Killed Didimus's ghost
 20153 | Orc:2    | Entered Level 2 of the Orcish Mines
 20191 | Orc:2    | Found Rikkoto's Antique Armour Shoppe.
 20203 | Orc:2    | Found a staircase to the Elven Halls.
 20246 | Orc:2    | Noticed Blork the orc
 20254 | Orc:2    | Killed Blork the orc
 20495 | Orc:2    | Noticed an orc warlord
 20523 | Orc:2    | Killed an orc warlord
 20645 | Orc:2    | Found Pegy's General Store.
 20654 | Orc:2    | Found Cauteic's Antique Armour Boutique.
 20687 | Orc:2    | Noticed Snorg
 20708 | Orc:2    | Killed Snorg
 20719 | Orc:2    | Found Nipuc's Jewellery Boutique.
 21057 | Orc:2    | Found Jacw's Antique Weapon Boutique.
 21287 | Orc:2    | Bought the amulet "Wucoguph" {Reflect Fly rF+++ Will- SH+5
                  | SInv} for 815 gold pieces
 21607 | D:13     | Reached skill level 15 in Dodging
 22217 | D:14     | Reached XP level 15. HP: 97/97 MP: 16/16
 22267 | D:14     | Noticed a fire giant
 22286 | D:14     | Noticed a fire giant
 22291 | D:14     | Killed a fire giant
 22307 | D:14     | Killed a fire giant
 22338 | D:14     | Identified the ring "Cifom" {AC+4 Str+5}
 22346 | D:14     | Identified the +7 war axe of Instant Death {flame, rPois
                  | MP+9 Str+2 Int-4}
 22491 | D:14     | Found a gate to the Vaults.
 23155 | D:15     | Entered Level 15 of the Dungeon
 23484 | D:15     | Identified the +6 whip "Plog" {speed, rCorr Str+5}
 23634 | D:15     | Found a glowing golden altar of the Shining One.
 23861 | D:15     | Found a staircase to the Depths.
 23937 | D:15     | Found a runed translucent door.
 23940 | D:15     | Noticed occam's ghost (journeyman MiFi)
 23981 | D:15     | Killed occam's ghost
 24018 | D:15     | Identified the ring of Puerr {rN+ Dex+5 Slay-6 Stlth+}
 24150 | D:15     | Found a glowing silver altar of Zin.
 24183 | D:15     | Identified Roxanne's Enchiridion on Transmigration
 24183 | D:15     | Noticed Roxanne
 24204 | D:15     | Killed Roxanne
 24452 | Swamp:1  | Entered Level 1 of the Swamp
 24454 | Swamp:1  | Noticed Mlioglotl
 24473 | Swamp:1  | Killed Mlioglotl
 24640 | Lair:2   | Reached XP level 16. HP: 41/97 MP: 17/17
 25056 | Swamp:1  | Identified a scroll of acquirement
 25062 | Swamp:1  | Acquired a +1 kite shield of reflection
 25192 | Swamp:1  | Reached skill level 15 in Fighting
 25235 | Swamp:1  | Noticed Kirke
 25246 | Swamp:1  | Killed Kirke
 25621 | Swamp:2  | Noticed a thorn hunter
 25852 | Swamp:1  | Killed a thorn hunter
 26350 | Swamp:3  | Noticed a thorn hunter
 26365 | Swamp:3  | Killed a thorn hunter
 27454 | Snake:1  | Entered Level 1 of the Snake Pit
 27613 | Snake:1  | Found a runed translucent gate.
 27613 | Snake:1  | Found a runed translucent gate.
 27613 | Snake:1  | Found a runed translucent gate.
 27615 | Snake:1  | Found an opulent altar of Gozag.
 27648 | Snake:1  | Noticed Azrael
 27656 | Snake:1  | Killed Azrael
 27656 | Snake:1  | Noticed a nagaraja
 27720 | Snake:1  | Noticed middlethird's ghost (journeyman VSTm)
 27730 | Snake:1  | Found Vimofan's Assorted Antiques.
 27920 | Snake:1  | Noticed Agnes
 27933 | Snake:1  | Killed Agnes
 28022 | Snake:1  | Found Pojaixo's Book Emporium.
 28022 | Snake:1  | Found Zyattoko's Jewellery Boutique.
 28023 | Snake:1  | Found Vuram's Jewellery Boutique.
 28023 | Snake:1  | Noticed Nikola
 28030 | Snake:1  | Killed Nikola
 28423 | Snake:1  | Reached XP level 17. HP: 81/115 MP: 18/18
 29989 | Snake:3  | Found a shadowy altar of Dithmenos.
 30802 | Snake:3  | Noticed Saint Roka
 30873 | Snake:3  | Killed Saint Roka
 31415 | Lair:5   | Entered Level 5 of the Lair of Beasts
 31672 | Lair:5   | Reached skill level 1 in Spellcasting
 32213 | Lair:5   | Found a corrupted altar of Lugonu.
 32213 | Lair:5   | Found a one-way gate to the infinite horrors of the Abyss.
 32869 | Swamp:4  | Entered Level 4 of the Swamp
 32980 | Swamp:4  | Reached skill level 5 in Spellcasting
 33224 | Swamp:4  | Reached XP level 18. HP: 117/125 MP: 26/26
 33359 | Swamp:4  | Got a decaying rune of Zot
 34214 | Snake:4  | Entered Level 4 of the Snake Pit
 34563 | Snake:4  | Identified the +1 ring mail "Ruenos" {Dex+3}
 35603 | Snake:4  | Noticed Vashnia
 35838 | Snake:4  | Killed Vashnia
 35934 | Snake:4  | Got a serpentine rune of Zot
 36275 | Vaults:1 | Entered Level 1 of the Vaults
 36407 | Vaults:1 | Reached XP level 19. HP: 134/134 MP: 27/27
 36569 | Vaults:1 | Found Bagrecwo's General Store.
 36716 | Vaults:1 | Identified the +9 whip "Kolofule" {pain, rF+ Will+ Str+5}
 37866 | Vaults:1 | Acquired 1155 gold pieces
 38435 | Vaults:1 | Bought a scroll of enchant armour for 142 gold pieces
 38840 | Vaults:2 | Reached skill level 1 in Conjurations
 38910 | Vaults:2 | Found a magical portal.
 38921 | WizLab   | Entered Yara's Duelist Academy
 38940 | WizLab   | Reached skill level 5 in Conjurations
 39277 | WizLab   | Got the Papyrus of Blasphemous Mysteries and Spellbinding
 39337 | WizLab   | Got Sif Muna's Excursus on the Gang
 39449 | WizLab   | Noticed Conur
 39471 | WizLab   | Killed Conur the Head Instructor
 39515 | WizLab   | Reached skill level 10 in Conjurations
 39534 | WizLab   | Identified the +8 rapier of the Vine {protect, rF++}
 39924 | Vaults:2 | Reached XP level 20. HP: 140/140 MP: 28/28
 40140 | Vaults:2 | Noticed Jory
 40174 | Vaults:2 | Killed Jory
 40484 | Vaults:2 | Reached skill level 15 in Conjurations
 40681 | Vaults:2 | Gained mutation: You have somewhat slow reflexes. (EV -5)
                  | [Ru sacrifice]
 40681 | Vaults:2 | Reached ****** piety under Ru
 41122 | Vaults:3 | Found a flickering gateway to a bazaar.
 41129 | Bazaar   | Entered a bazaar
 41145 | Bazaar   | Found Poty's Distillery.
 41146 | Bazaar   | Found Hihitil's Assorted Antiques.
 41189 | Bazaar   | Found Ositotua's Assorted Antiques.
 41189 | Bazaar   | Found Fenaf's Book Shoppe.
 41230 | Bazaar   | Bought a scroll of acquirement for 1040 gold pieces
 41230 | Bazaar   | Acquired the +3 hat of Pondering {ponderous, Will+ MP+10
                  | Int+5}
 41230 | Bazaar   | Found the +3 hat of Pondering {ponderous, Will+ MP+10
                  | Int+5}
 41292 | Bazaar   | Learned a level 5 spell: Arcjolt
 41418 | Vaults:3 | Found a staircase to the Crypt.
 41585 | Vaults:3 | Reached skill level 1 in Air Magic
 41703 | Vaults:3 | Reached skill level 5 in Air Magic
 42259 | Vaults:3 | Reached skill level 10 in Air Magic
 42641 | Vaults:3 | Reached XP level 21. HP: 70/131 MP: 29/29
 43267 | Vaults:3 | Learned a level 5 spell: Iskenderun's Battlesphere
 43354 | Vaults:3 | Learned a level 3 spell: Swiftness
 44178 | Vaults:4 | Paralysed by a great orb of eyes for 5 turns
 44315 | Vaults:4 | Paralysed by a great orb of eyes for 5 turns
 44774 | Vaults:4 | Identified the +1 leather armour of Ecafowk {Dex-5 Slay+2
                  | Stlth+}
 44988 | Vaults:5 | Entered Level 5 of the Vaults
 45096 | Vaults:5 | Noticed a dread lich
 45098 | Vaults:5 | Killed a dread lich
 45103 | Vaults:5 | Noticed an ancient lich
 45188 | Vaults:5 | Killed an ancient lich
 45239 | Vaults:5 | HP: 3/141 [fire giant/+1 great sword of flaming (10)]
 45241 | Vaults:5 | Reached XP level 22. HP: 2/140 MP: 30/30
 45244 | Vaults:5 | HP: 3/140 [titan/the air (12)]
 45910 | Vaults:5 | Identified the +3 broad axe "Locuepn" {venom, rElec Int+4}
 46175 | Vaults:5 | Identified the amulet of Qaryzor {Spirit Will- Dex+3}
 46999 | Vaults:5 | Identified the +7 sling of Daratost {heavy, rCorr}
 47325 | Abyss:3  | Cast into level 3 of the Abyss (a deep elf sorcerer)
 47371 | Abyss:3  | Found a corrupted altar of Lugonu.
 47406 | Abyss:3  | Found a corrupted altar of Lugonu.
 47406 | Abyss:3  | Found a corrupted altar of Lugonu.
 47549 | Abyss:3  | Got an abyssal rune of Zot
 47558 | Vaults:5 | Escaped the Abyss
 47638 | Vaults:5 | Got the Compendium of Sinister Outbursts
 47654 | Vaults:5 | Identified the staff of cold "Witoxis" {rElec rC+}
 47742 | Vaults:5 | Got a silver rune of Zot
 48137 | Vaults:5 | Identified the +1 ring mail of the Kangaroo {Rampage +Inv}
 48598 | Slime:1  | Entered Level 1 of the Pits of Slime
 49101 | Slime:3  | Reached XP level 23. HP: 163/163 MP: 31/31
 49992 | Slime:2  | Gained mutation: You occasionally lose the ability to drink
                  | potions when taking damage. [a shining eye]
 51052 | Slime:5  | Entered Level 5 of the Pits of Slime
 52210 | Slime:4  | Gained mutation: You sometimes lose your temper in combat.
                  | [a shining eye]
 52218 | Slime:4  | Gained mutation: You are frail. (-10% HP) [a shining eye]
 52380 | Slime:4  | Lost mutation: You are partially covered in iridescent
                  | scales. (AC +2) [potion of mutation]
 52380 | Slime:4  | Lost mutation: You are covered in fur. (AC +1) [potion of
                  | mutation]
 52380 | Slime:4  | Gained mutation: Your body sometimes deteriorates upon
                  | taking damage. [potion of mutation]
 52380 | Slime:4  | Gained mutation: Your muscles are strong. (Str +4, Int/Dex
                  | -1) [potion of mutation]
 52380 | Slime:4  | Gained mutation: You are highly strong-willed. (Will++)
                  | [potion of mutation]
 52381 | Slime:4  | Lost mutation: You occasionally lose the ability to drink
                  | potions when taking damage. [potion of mutation]
 52381 | Slime:4  | Lost mutation: You are highly strong-willed. (Will++)
                  | [potion of mutation]
 52381 | Slime:4  | Gained mutation: Your muscles are very strong. (Str +8,
                  | Int/Dex -2) [potion of mutation]
 52381 | Slime:4  | Lost mutation: You are frail. (-10% HP) [potion of
                  | mutation]
 52381 | Slime:4  | Gained mutation: You passively map a small area around you.
                  | [potion of mutation]
 52382 | Slime:4  | Lost mutation: You passively map a small area around you.
                  | [potion of mutation]
 52382 | Slime:4  | Lost mutation: Your body sometimes deteriorates upon taking
                  | damage. [potion of mutation]
 52382 | Slime:4  | Lost mutation: You sometimes lose your temper in combat.
                  | [potion of mutation]
 52382 | Slime:4  | Gained mutation: You are very dopey. (Int -4) [potion of
                  | mutation]
 52382 | Slime:4  | Gained mutation: Your system is resistant to poisons.
                  | (rPois) [potion of mutation]
 52422 | Slime:5  | Lost mutation: Your muscles are very strong. (Str +8,
                  | Int/Dex -2) [a shining eye]
 52681 | Slime:5  | Noticed the Royal Jelly
 52773 | Slime:5  | Gained mutation: You are occasionally teleported next to
                  | monsters. [a shining eye]
 52778 | Slime:4  | Lost mutation: You are very dopey. (Int -4) [potion of
                  | mutation]
 52778 | Slime:4  | Lost mutation: You are strong-willed. (Will+) [potion of
                  | mutation]
 52778 | Slime:4  | Lost mutation: You are occasionally teleported next to
                  | monsters. [potion of mutation]
 52778 | Slime:4  | Lost mutation: Your system is resistant to poisons. (rPois)
                  | [potion of mutation]
 52778 | Slime:4  | Lost mutation: Your muscles are strong. (Str +4, Int/Dex
                  | -1) [potion of mutation]
 52778 | Slime:4  | Gained mutation: You are partially covered in iridescent
                  | scales. (AC +2) [potion of mutation]
 52799 | Slime:5  | Found a viscous altar of Jiyva.
 52800 | Slime:5  | Found the +5 scythe "Finisher" {speed, execute}
 53452 | Slime:5  | Killed the Royal Jelly
 53775 | Slime:5  | Identified the +0 pair of gloves of Befil {rElec rN++
                  | rCorr}
 53802 | Slime:5  | Got a slimy rune of Zot
 53882 | Slime:5  | Identified the +9 battleaxe of Keel {holy, rC+ Will+ Str+2}
 53890 | Slime:5  | Identified the +3 trident "Jaosofaq" {freeze, +Blink rPois
                  | rC+}
 53891 | Slime:5  | Identified the +1 ring mail of the Learner {rPois Will+
                  | Str-4 Stlth+}
 54257 | Elf:1    | Entered Level 1 of the Elven Halls
 54746 | Elf:1    | Noticed Aizul
 54758 | Elf:1    | Killed Aizul
 54900 | Elf:1    | Found Vuagram's General Store.
 54918 | Elf:1    | Bought a potion of haste for 150 gold pieces
 54918 | Elf:1    | Bought a scroll of enchant armour for 112 gold pieces
 54918 | Elf:1    | Bought a scroll of teleportation for 45 gold pieces
 55903 | Elf:2    | Found Xavuy's Antique Armour Emporium.
 55909 | Elf:2    | Bought an embroidered cloak for 300 gold pieces
 55909 | Elf:2    | Bought a runed scarf for 320 gold pieces
 56023 | Elf:2    | Found a runed translucent gate.
 56023 | Elf:2    | Found a runed translucent gate.
 56023 | Elf:2    | Found a runed translucent gate.
 56051 | Elf:2    | Paralysed by an air elemental for 1 turns
 56060 | Elf:2    | Paralysed by an air elemental for 1 turns
 56406 | Elf:2    | Reached XP level 24. HP: 163/173 MP: 31/31
 56509 | Elf:2    | Reached skill level 15 in Armour
 56518 | Elf:2    | Noticed Donald
 56533 | Elf:2    | Killed Donald
 57093 | Elf:3    | Entered Level 3 of the Elven Halls
 57841 | Elf:3    | Identified the +6 halberd of the Beast {freeze, rC- Int+7}
 57866 | Elf:3    | Identified the +11 broad axe "Ziatissa" {vamp, Contam rN+
                  | rCorr Str+2}
 57901 | Elf:3    | Identified the +1 pair of boots of Rethriakk {Dex+2 Stlth+}
 57966 | Elf:3    | Identified the ring of Disaster {rN+ SInv}
 58231 | Elf:3    | Identified the staff of conjuration "Jeidiy" {rPois rC+
                  | Dex+2}
 58242 | Elf:3    | Identified the staff of conjuration "Coof" {Dex+5}
 58272 | Elf:3    | Identified the +5 short sword of Action {pain, +Blink rElec
                  | Str-5 Stlth+}
 58273 | Elf:3    | Identified the +0 ice dragon scales of Serendipity {rPois
                  | rF- rC++ Regen+ Str+6}
 58298 | Elf:3    | Identified the staff of earth "Idaxam" {rPois Dex-5 Stlth+}
 59405 | Depths:1 | Entered Level 1 of the Depths
 60014 | Depths:1 | Found a one-way gateway to a ziggurat.
 60015 | Depths:1 | Paralysed by a floating eye for 2 turns
 60077 | Depths:1 | Paralysed by a floating eye for 2 turns
 60084 | Depths:1 | Paralysed by a floating eye for 4 turns
 60090 | Depths:1 | Paralysed by a floating eye for 2 turns
 60114 | Depths:1 | Paralysed by a floating eye for 4 turns
 60182 | Depths:1 | Noticed Louise
 60195 | Depths:1 | Killed Louise
 60203 | Depths:1 | Identified the +0 scale mail "Qawucom" {Str+2}
 60245 | Depths:1 | Found a gateway to Hell.
 60555 | Depths:2 | Found Ynumeev's Armour Boutique.
 60573 | Depths:2 | Found an ancient bone altar of Kikubaaqudgha.
 60813 | Depths:2 | Noticed a caustic shrike
 60826 | Depths:2 | Killed a caustic shrike
 60846 | Depths:2 | Identified the staff of cold "Zimang" {Fly rPois rC+ Int+3}
 60938 | Depths:2 | Got the Incunable of Chilled Ouranomancy
 60987 | Depths:2 | Found Izuarph's Distillery.
 60998 | Depths:2 | Bought a potion of haste for 190 gold pieces
 60998 | Depths:2 | Bought 2 potions of might for 152 gold pieces
 60998 | Depths:2 | Bought a potion of haste for 190 gold pieces
 61090 | Depths:2 | Found a one-way gate leading to the halls of Pandemonium.
 61366 | Depths:3 | Found a portal to a secret trove of treasure.
 61403 | Depths:3 | Found a white marble altar of Elyvilon.
 61428 | Depths:3 | Reached XP level 25. HP: 178/178 MP: 31/31
 61911 | Depths:3 | Paralysed by a floating eye for 2 turns
 62335 | Depths:3 | Identified the ring of Wecesh {rN+ Will+ Dex+6}
 62338 | Depths:3 | Found a corrupted altar of Lugonu.
 62608 | Depths:3 | Identified the +4 robe of Nihilism {rCorr Int+2}
 62828 | Depths:4 | Entered Level 4 of the Depths
 62841 | Depths:4 | Noticed Frederick
 62854 | Depths:4 | Killed Frederick
 63011 | Depths:4 | Found Bynugu's General Store.
 63012 | Depths:4 | Found Hics's Jewellery Shoppe.
 63016 | Depths:4 | Found Editedav's Armour Boutique.
 63028 | Depths:4 | Found Teivihou's Assorted Antiques.
 63031 | Depths:4 | Found Huokloas's Antique Armour Shop.
 63085 | Depths:4 | Bought a steaming plate armour for 1064 gold pieces
 63085 | Depths:4 | Identified the +5 plate armour of Fortification {rF+} (You
                  | bought it in a shop on level 4 of the Depths)
 63085 | Depths:4 | Bought a scroll of summoning for 361 gold pieces
 63526 | Depths:4 | Found a gate to the Realm of Zot.
 63781 | Depths:4 | Found Zaratujo's Armour Shoppe.
 64083 | Zot:1    | Entered Level 1 of the Realm of Zot
 64121 | Depths:4 | Reached skill level 27 in Dodging
 64617 | Zot:1    | Found a transporter.
 64617 | Zot:1    | Found a transporter.
 64620 | Zot:1    | Found a transporter.
 64630 | Zot:1    | Found a transporter.
 64631 | Zot:1    | Found a transporter.
 64643 | Zot:1    | Reached XP level 26. HP: 179/186 MP: 31/31
 64812 | Zot:1    | Identified the amulet "Veoxtyti" {RegenMP rC+ rN+ Will+}
 64828 | Zot:1    | Identified the +6 spear "Ifraig" {venom, Contam rC+++ MP+9
                  | Str+4}
 67512 | Zot:2    | Identified the amulet of Moral Flaws {Spirit rPois Slay-3
                  | Stlth+}
 67520 | Zot:2    | Identified the ring "Tesk" {*Corrode +Blink rPois Will+
                  | MP-9}
 67601 | Zot:2    | Identified the ring "Gabb" {rC+ Str+6 SInv}
 68459 | Zot:3    | Noticed a Killer Klown
 68479 | Zot:3    | Killed a Killer Klown
 69462 | Zot:4    | Noticed a Killer Klown
 69462 | Zot:4    | Noticed an ancient lich
 69554 | Zot:4    | Noticed a Killer Klown
 69554 | Zot:4    | Noticed a Killer Klown
 69554 | Zot:4    | Noticed a Killer Klown
 69570 | Zot:3    | Killed a Killer Klown
 69571 | Zot:3    | Reached skill level 27 in Fighting
 69594 | Zot:3    | Killed a Killer Klown
 69670 | Zot:3    | Killed a Killer Klown
 69751 | Zot:3    | Killed an ancient lich
 69763 | Zot:3    | Killed a Killer Klown
 69764 | Zot:3    | Reached XP level 27. HP: 199/199 MP: 31/31
 69900 | Zot:4    | Reached skill level 1 in Throwing
 70165 | Zot:4    | Reached skill level 5 in Throwing
 70255 | Zot:4    | Identified the +4 scale mail "Royph" {+Inv rC- Slay-3
                  | Stlth+}
 70885 | Zot:5    | Entered Level 5 of the Realm of Zot
 70936 | Zot:5    | Noticed an orb of fire
 70970 | Zot:5    | Killed an orb of fire
 70984 | Zot:5    | Reached skill level 10 in Throwing
 71042 | Zot:5    | Noticed an ancient lich
 71066 | Zot:5    | Killed an ancient lich
 71216 | Zot:5    | Noticed an orb of fire
 71230 | Zot:5    | Noticed an orb of fire
 71236 | Zot:5    | Killed an orb of fire
 71242 | Zot:5    | Gained mutation: You sometimes lose your temper in combat.
                  | [an orb of fire]
 71244 | Zot:5    | Killed an orb of fire
 71346 | Zot:5    | Lost mutation: You sometimes lose your temper in combat.
                  | [potion of mutation]
 71346 | Zot:5    | Lost mutation: You are partially covered in iridescent
                  | scales. (AC +2) [potion of mutation]
 71346 | Zot:5    | Gained mutation: You are resistant to electric shocks.
                  | (rElec) [potion of mutation]
 71413 | Zot:5    | Noticed an orb of fire
 71415 | Zot:5    | Gained mutation: You are very dopey. (Int -4) [an orb of
                  | fire]
 71430 | Zot:5    | Gained mutation: Your body sometimes deteriorates upon
                  | taking damage. [an orb of fire]
 71431 | Zot:5    | Killed an orb of fire
 71431 | Zot:5    | Noticed an orb of fire
 71677 | Zot:4    | Lost mutation: You are very dopey. (Int -4) [potion of
                  | mutation]
 71677 | Zot:4    | Lost mutation: Your body sometimes deteriorates upon taking
                  | damage. [potion of mutation]
 71677 | Zot:4    | Lost mutation: You are resistant to electric shocks.
                  | (rElec) [potion of mutation]
 71677 | Zot:4    | Gained mutation: You do not regenerate when monsters are
                  | visible. [potion of mutation]
 71677 | Zot:4    | Gained mutation: You occasionally shout uncontrollably at
                  | your foes. [potion of mutation]
 71677 | Zot:4    | Gained mutation: You are strong-willed. (Will+) [potion of
                  | mutation]
 71677 | Zot:4    | Gained mutation: You passively map a small area around you.
                  | [potion of mutation]
 71678 | Zot:4    | Lost mutation: You occasionally shout uncontrollably at
                  | your foes. [potion of mutation]
 71678 | Zot:4    | Lost mutation: You passively map a small area around you.
                  | [potion of mutation]
 71678 | Zot:4    | Lost mutation: You do not regenerate when monsters are
                  | visible. [potion of mutation]
 71689 | Zot:5    | Gained mutation: You are weak. (Str -2) [an orb of fire]
 71702 | Zot:5    | Gained mutation: You are very dopey. (Int -4) [an orb of
                  | fire]
 71710 | Zot:5    | Killed an orb of fire
 71840 | Zot:4    | Lost mutation: You are weak. (Str -2) [potion of mutation]
 71840 | Zot:4    | Lost mutation: You are very dopey. (Int -4) [potion of
                  | mutation]
 71840 | Zot:4    | Gained mutation: You expend magic power (3 MP) to
                  | strengthen your wands. [potion of mutation]
 71915 | Zot:5    | Found a transporter.
 71917 | Zot:5    | Found a transporter.
 71919 | Zot:5    | Found a transporter.
 71977 | Zot:5    | Found a transporter.
 72036 | Zot:5    | Noticed an orb of fire
 72056 | Zot:5    | Gained mutation: You are clumsy. (Dex -2) [an orb of fire]
 72059 | Zot:5    | Killed an orb of fire
 72384 | Zot:5    | Noticed an ancient lich
 72395 | Zot:5    | Noticed an orb of fire
 72398 | Zot:5    | Killed an ancient lich
 72414 | Zot:5    | Killed an orb of fire
 72419 | Zot:5    | Noticed an orb of fire
 72423 | Zot:5    | Gained mutation: You are very dopey. (Int -4) [an orb of
                  | fire]
 72426 | Zot:5    | Gained mutation: You are frail. (-10% HP) [an orb of fire]
 72426 | Zot:5    | Noticed an orb of fire
 72427 | Zot:5    | Noticed an orb of fire
 72429 | Zot:5    | Killed an orb of fire
 72430 | Zot:5    | Reached skill level 15 in Throwing
 72432 | Zot:5    | Killed an orb of fire
 72433 | Zot:5    | Noticed an orb of fire
 72435 | Zot:5    | Gained mutation: Your magical capacity is low. (-10% MP)
                  | [an orb of fire]
 72436 | Zot:5    | Gained mutation: Your spells are a little easier to cast,
                  | but a little less powerful. [an orb of fire]
 72441 | Zot:5    | Killed an orb of fire
 72445 | Zot:5    | Killed an orb of fire
 72501 | Zot:5    | Lost mutation: You are strong-willed. (Will+) [potion of
                  | mutation]
 72501 | Zot:5    | Lost mutation: Your spells are a little easier to cast, but
                  | a little less powerful. [potion of mutation]
 72501 | Zot:5    | Lost mutation: You are very dopey. (Int -4) [potion of
                  | mutation]
 72501 | Zot:5    | Gained mutation: You sometimes lose your temper in combat.
                  | [potion of mutation]
 72502 | Zot:5    | Lost mutation: You are clumsy. (Dex -2) [potion of
                  | mutation]
 72502 | Zot:5    | Lost mutation: You expend magic power (3 MP) to strengthen
                  | your wands. [potion of mutation]
 72502 | Zot:5    | Gained mutation: You occasionally lose the ability to drink
                  | potions when taking damage. [potion of mutation]
 72502 | Zot:5    | Gained mutation: You are vulnerable to cold. (rC-) [potion
                  | of mutation]
 72503 | Zot:5    | Lost mutation: Your magical capacity is low. (-10% MP)
                  | [potion of mutation]
 72503 | Zot:5    | Lost mutation: You sometimes lose your temper in combat.
                  | [potion of mutation]
 72503 | Zot:5    | Lost mutation: You occasionally lose the ability to drink
                  | potions when taking damage. [potion of mutation]
 72503 | Zot:5    | Gained mutation: You are partially covered in iridescent
                  | scales. (AC +2) [potion of mutation]
 72503 | Zot:5    | Gained mutation: You are mostly covered in iridescent
                  | scales. (AC +4) [potion of mutation]
 72503 | Zot:5    | Gained mutation: Your flesh is heat resistant. (rF+)
                  | [potion of mutation]
 72504 | Zot:5    | Lost mutation: You are mostly covered in iridescent scales.
                  | (AC +4) [potion of mutation]
 72504 | Zot:5    | Lost mutation: You are partially covered in iridescent
                  | scales. (AC +2) [potion of mutation]
 72504 | Zot:5    | Lost mutation: You are frail. (-10% HP) [potion of
                  | mutation]
 72669 | Zot:5    | Noticed an ancient lich
 72790 | Zot:5    | Got the Orb of Zot
 73182 | D:10     | Gained mutation: Your spells are a little easier to cast,
                  | but a little less powerful. [a neqoxec]
 73361 | D:$      | Escaped with the Orb!

Illustrated notes

Levels and vault maps discovered:
D:1:      dpeg_arrival_prison, layout_basic
D:2:      layout_rooms, shapermc_ecumenical_altar_mp_ritualfount, fountainhead,
          grunt_decor_clamped, st_stairs_5, minmay_heptomino_d4
D:3:      layout_loops_cross, hangedman_decor_points, minmay_lizard_king
D:4:      layout_rooms, grunt_ashenzari_visionary
          [grunt_ashenzari_visionary_swamp, grunt_ashenzari_visionary_snake],
          minmay_temple_entry_arrows, serial_co_window_serial,
          co_window_paths_b, co_window_paths_b, co_window_paths_a,
          co_window_paths_b, co_window_paths_a, co_window_broadway_a,
          co_window_corner_cb, co_window_unsneaky_path_e, co_window_paths_c,
          co_window_of_opportunity_c, co_window_corner_b, co_window_4corner_b,
          glass_columns_b, glass_columns_c, glass_columns_a
D:5:      layout_basic, kennysheep_windowed_goal, uniq_pikel
D:6:      layout_basic, overflow_temple_1_default, jmf_multi_god_temple,
          gup_sewer_entry_glass, minmay_alternating_orb, uniq_maggie,
          uniq_eustachio
D:7:      layout_loops_ring, mainiacjoe_overflow_alcove_1, grunt_potential,
          uniq_prince_ribbit1
D:8:      layout_gridville, nicolae_ossuary_entry_plus, uniq_erica, uniq_grum
D:9:      layout_rooms, grunt_temple_overflow_open, hellmonk_lair_entry_icy
D:10:     layout_roguey
D:11:     layout_basic, zombieorc1_lemuel, serial_shops, nicolae_lakefront_shop,
          nicolae_elevator_lobby_plus
D:12:     layout_roguey, lemuel_blue_sif_altar, uniq_maurice
D:13:     layout_rooms, lemuel_old_faithful
D:14:     minmay_the_grid_four_pointed_star [minmay_the_grid_triangle_9x9_alien,
          minmay_the_grid_triangle_9x9_impossible_snake,
          minmay_the_grid_triangle_9x9_swiss_cheese,
          minmay_the_grid_triangle_9x9_corrupted_corridor,
          minmay_the_grid_prize_diamond_cup], layout_loops_ring,
          nicolae_water_bricks
D:15:     grunt_enter_depths_hoard, layout_rooms, ebering_ghost_inner_flame,
          nicolae_tso_carved_into_rock, zin_treasury, uniq_roxanne
Temple:   nicolae_temple_god_jail
Lair:1:   layout_cave_pods, grunt_megastairs_2
Lair:2:   layout_big_grid, minmay_swamp_entry_eels
Lair:3:   layout_cellular_growth, minmay_snake_entry_guardpost_medium,
          serial_bayou_shore_b
Lair:4:   layout_regular_city, slime_entry_1, serial_bayou_pond_c,
          beast_lair_carwin_7, serial_bayou_shore_a, grunt_megastairs_1
Lair:5:   hellmonk_lair_end_abyssal_woods, layout_long_grid, grunt_megastairs_3
Swamp:1:  layout_basic_swamp, evilmike_swamp_ruin_house_2, uniq_mlioglotl,
          uniq_kirke
Swamp:2:  layout_basic_swamp, evilmike_swamp_ruin_house_1
Swamp:3:  nicolae_swamp_tree_isthmus, layout_falls_marsh,
          nicolae_swamp_decorative_isthmus
Swamp:4:  swamp_icy, layout_basic_swamp
Snake:1:  layout_cave_pods, ebering_ghost_gozag, minmay_shop_grove, uniq_azrael,
          uniq_agnes, uniq_nikola
Snake:2:  layout_rooms
Snake:3:  hangedman_cross_stitches, layout_layer_cave, basic_altar,
          uniq_saint_roka
Snake:4:  grunt_snake_rune_serpentine_throne, layout_cave_town
Slime:1:  layout_caves, cheibrodos_slime_lost_civilization_5
Slime:2:  layout_caves
Slime:3:  layout_caves
Slime:4:  layout_caves, nicolae_slime_getting_an_eyeful
Slime:5
Orc:1:    layout_caves, portal_ice_cave_entry_pillars_1,
          gammafunk_ghost_necromancy, serial_shops, shop, mines2_david
Orc:2:    grunt_orc_cross, layout_diamond_mine, serial_shops, shop,
          mines2_david, uniq_snorg
Elf:1:    eino_elf_arrival_the_gate, layout_loops_corners, serial_shops,
          nicolae_shop_stone, minivault_28, grunt_ministairs_14, uniq_aizul
Elf:2:    elven_hall_of_blades_hangedman_original [nooodl_blade_entry_preview],
          layout_gridlike, serial_shops, nicolae_shop_trees, uniq_donald,
          uniq_louise
Elf:3:    grunt_elf_hall_asides, layout_geoelf_octagon
Vaults:1: v_misc_19, hangedman_vaults_stagger, ontoclasm_vaults_ring_large,
          vaults_dpeg_cross, nicolae_vaults_stepped_doors,
          vaults_mumra_chevron_long, nicolae_vaults_network_square,
          nicolae_vaults_trapezoid_lopsided_3, vaults_dpeg_emergency_exit,
          hangedman_vaults_nails, layout_vaults_omnicross, serial_shops,
          nicolae_square_shop
Vaults:2: infiniplex_enter_wizlab_water, v_misc_14, nicolae_vaults_network_star,
          nicolae_vaults_network_s, hangedman_vaults_capsules,
          nicolae_vaults_little_squares_4, vaults_room_corners,
          nicolae_vaults_sesquioval_fish, v_misc_23,
          nicolae_vaults_closet_pinwheel_1, nicolae_vaults_little_squares_4,
          grunt_vaults_hallway_short, layout_vaults_omnigrid, uniq_jory
Vaults:3: vaults_room_hallway, v_misc_32, minmay_crypt_entry_simple_sparse,
          nicolae_vaults_shrinking_rooms_1, grunt_vaults_diagonal,
          hangedman_vaults_unwind, st_greater_box_2,
          nicolae_vaults_tetromino_Z_2, v_misc_12, ontoclasm_vaults_pinch,
          nicolae_vaults_cochlea, nicolae_vaults_double_plus_1,
          nicolae_vaults_house_2, nicolae_vaults_tetromino_L_1,
          grunt_vaults_hallway_short, layout_vaults_maze_snakey, serial_shops,
          bzr_entry_islet
Vaults:4: v_pattern_5, nicolae_vaults_closet_pinwheel_3, v_misc_11,
          hangedman_vaults_stretched_pinwheel, vaults_dpeg_diagonal,
          nicolae_vaults_steering_wheel, nicolae_vaults_diagonal_hallway_8,
          v_misc_29, nicolae_vaults_closet_pinwheel_5,
          nicolae_vaults_bisected_inception, grunt_vaults_hallway_long,
          nicolae_vaults_diamond_1, layout_vaults_ring
Vaults:5: serial_shops
Depths:1: layout_gridlike, enter_ziggurat_c, hellmonk_bongcloud_opening,
          lightli_too_deep, nicolae_abyss_entry_one_way_or_another,
          kennysheep_generic_room_15, serial_bayou_shore_b, serial_bayou_shore_b
Depths:2: cross_vault, layout_gridlike, rand_demon_pan_entry_4, serial_shops,
          shop, shop_fountains, minmay_holes, hell_entry,
          kiku_gazebo_garden_becter, serial_bayou_shore_b
Depths:3: minmay_box_of_statues, layout_honeycomb, abyss_entry_flame_altar,
          minmay_misc_feat_nine_boxes, enter_trove_6, grunt_pan_entry_sceptre,
          serial_glass, glass_columns_a, glass_columns_a, glass_columns_a,
          glass_columns_a, grunt_hell_entry_dis_old,
          nicolae_elyvilon_peaceful_grove, firewood_loft
Depths:4: grunt_crosshair, layout_long_grid, pf_coc_iceberg,
          nicolae_eternal_life, serial_shops, shop, drop_trap,
          nicolae_shop_national_dungeon_mall, uniq_frederick
Zot:1:    gammafunk_the_bubble [the_bubble_gammafunk_roulette],
          layout_misc_corridors
Zot:2:    layout_misc_corridors, st_large_dragon_hoard_3
Zot:3:    lemuel_acid_trip, layout_concentric_octagons, grunt_ministairs_4,
          skrybe_zot_glass_3
Zot:4:    ebering_klown_carousel, layout_onion_interference
Zot:5:    layout_misc_corridors, nicolae_diode_quadrants

Skill      XL: |  1  2  3  4  5  6  7  8  9 10 11 12 13 14 15 16 17 18 19 20 21 22 23 24 25 26 27 |
---------------+----------------------------------------------------------------------------------+-----
Axes           | 3 4 6 9 10 13 14 16 18 | 18.0
Fighting       | 4 5 7 10 12 14 16 18 19 20 22 24 27 | 27.0
Stealth        | 1 2 0 |  0.0
Armour         | 4 8 9 11 14 19 21 22 | 22.4
Shields        | 7 8 9 |  9.3
Dodging        | 3 11 15 17 18 20 22 24 25 27 | 27.0
Spellcasting   | 5 |  5.0
Conjurations   | 12 18 | 18.0
Air Magic      | 12 14 | 14.0
Throwing       | 16 | 16.0

Action                     |  1- 3 |  4- 6 |  7- 9 | 10-12 | 13-15 | 16-18 | 19-21 | 22-24 | 25-27 || total
---------------------------+-------+-------+-------+-------+-------+-------+-------+-------+-------++-------
  Melee: War axe           |    77 |    74 |   155 |   752 |  1043 |  1186 |  1187 |  1179 |       ||  5653
         Kick              |    20 |    15 |    44 |   271 |   456 |   488 |   639 |   760 |   963 ||  3656
         Peck              |     9 |    10 |    24 |   171 |   292 |   285 |   408 |   507 |   633 ||  2339
         Unarmed           |       |       |       |       |       |       |       |     3 |       ||     3
         Broad axe         |       |       |       |       |       |       |       |   332 |  1889 ||  2221
  Throw: Dart              |       |     4 |       |    14 |       |       |     3 |       |       ||    21
         Stone             |       |       |     1 |       |       |       |       |       |       ||     1
         Boomerang         |       |       |       |       |     5 |       |       |     3 |     1 ||     9
         Javelin           |       |       |       |       |       |       |       |     4 |     9 ||    13
   Cast: Arcjolt           |       |       |       |       |       |       |    26 |    12 |       ||    38
         Iskenderun's Batt |       |       |       |       |       |       |     8 |     2 |       ||    10
         Swiftness         |       |       |       |       |       |       |     1 |       |       ||     1
 Invoke: Sacrifice Artific |       |       |       |     1 |       |       |       |       |       ||     1
         Sacrifice Words   |       |       |       |     1 |       |       |       |       |       ||     1
         Apocalypse        |       |       |       |     2 |     9 |     2 |     9 |     6 |     3 ||    31
         Sacrifice Arcana  |       |       |       |     1 |       |       |       |       |       ||     1
         Power Leap        |       |       |       |       |     2 |     2 |     2 |     2 |     3 ||    11
         Sacrifice Purity  |       |       |       |       |     1 |       |       |       |       ||     1
         Sacrifice Stealth |       |       |       |       |     1 |       |       |       |       ||     1
         Reject Sacrifices |       |       |       |       |     2 |     1 |       |       |       ||     3
         Draw Out Power    |       |       |       |       |       |     1 |       |     2 |       ||     3
         Sacrifice Health  |       |       |       |       |       |       |     1 |       |       ||     1
  Evoke: Wand              |       |     2 |       |       |       |       |       |       |       ||     2
    Use: Scroll            |     3 |     3 |     2 |    12 |     7 |     3 |    14 |     8 |     3 ||    55
         Potion            |     1 |     1 |     2 |     2 |       |       |    20 |    15 |     9 ||    50
   Stab: Invisible         |       |       |       |     1 |     7 |     7 |     8 |     4 |    15 ||    42
         Paralysed         |       |       |       |     2 |    23 |     3 |    16 |    16 |    10 ||    70
         Distracted        |       |       |       |     2 |     7 |     7 |     9 |    10 |    12 ||    47
 Armour: Scale mail        |    34 |    28 |    31 |    29 |       |       |       |       |       ||   122
         Plate armour      |       |       |       |   125 |       |       |       |   182 |   522 ||   829
         Chain mail        |       |       |       |    36 |   211 |   187 |   135 |   130 |       ||   699
  Dodge: Dodged            |    31 |    33 |    95 |   234 |   399 |   555 |   396 |   580 |   855 ||  3178
  Block: Buckler           |    15 |    18 |    30 |    47 |       |       |       |       |       ||   110
         Kite shield       |       |       |       |   170 |   486 |   776 |   733 |  1006 |  1274 ||  4445
         Reflection        |       |       |       |       |    16 |    62 |    45 |    79 |    45 ||   247
